Map: Ephemeron LE

Players

Mez

  • Race: Terran Terran
  • League: Master
  • Spawn Location: 5:00

baduer - Winner!

  • Race: Zerg Zerg
  • Spawn Location: 11:00

VOD

Have the link to the VOD?

Description

Time

  • Played on: Aug. 23, 2019, 9:43 a.m.
  • Length: 11:52
Show
View Real Time Build Order
Export as new Build Order

Mez Terran 

Build Orders: Reaper Expand 

Get SALT Encoding   

  12  0:01  SCV  
  13  0:13  SCV  
  14  0:17  Supply Depot  
  14  0:25  SCV  
  15  0:38  SCV  
  15  0:40  Barracks  
  16  0:44  Refinery  
  16  0:50  SCV  
  17  1:03  SCV  
  18  1:15  SCV  
  19  1:29  Orbital Command, Reaper  
  20  1:41  Command Center  
  20  1:51  Supply Depot  
  20  1:55  SCV  
  21  2:02  Marine  
  21  2:07  SCV  
  23  2:15  Factory  
  23  2:17  Refinery  
  23  2:21  Barracks Reactor  
  23  2:27  Engineering Bay  
  23  2:30  SCV  
  24  2:42  SCV  
  25  2:54  SCV  
  25  2:56  Orbital Command  
  26  3:01  Starport  
  26  3:08  Hellion x2, Barracks Tech Lab  
  30  3:13  SCV  
  31  3:26  SCV  
  32  3:29  Hellion x2  
  32  3:31  SCV  
  37  3:35  Marine  
  37  3:37  Supply Depot  
  37  3:38  SCV  
  37  3:40  Viking  
  41  3:45  SCV  
  42  3:50  SCV  
  42  3:51  Stimpack  
  42  3:53  Marine  
  44  3:57  SCV  
  44  4:02  SCV  
  46  4:04  Supply Depot  
  46  4:10  SCV  
  46  4:14  SCV  
  46  4:15  Marine  
  46  4:16  Factory Reactor  
  49  4:20  Starport Reactor, Barracks  
  49  4:22  Barracks  
  49  4:26  SCV  
  49  4:31  SCV  
  51  4:38  SCV  
  50  4:46  Command Center  
  50  4:49  Supply Depot  
  50  4:56  Marine  
  50  4:58  Medivac, Supply Depot  
  50  4:59  Medivac  
  55  5:05  Factory Tech Lab  
  55  5:11  Marine x2  
  55  5:13  Marine, SCV x2  
  60  5:16  Engineering Bay x2  
  60  5:18  Supply Depot  
  60  5:25  SCV x2  
  62  5:29  Supply Depot  
  62  5:30  Marine x2  
  62  5:31  Marine x2  
  62  5:35  Combat Shield  
  66  5:37  SCV x2  
  68  5:44  Supply Depot  
  68  5:47  Marine  
  68  5:48  Marine x2  
  71  5:59  Marine x2  
  73  6:05  Marine  
  73  6:10  Marine x2  
  74  6:13  Siege Tank, SCV x2  
  74  6:14  Barracks, Orbital Command  
  74  6:16  Barracks, Supply Depot  
  79  6:28  Marine x2  
  79  6:31  Marine x3  
  84  6:33  SCV x2  
  86  6:42  Orbital Command  
  86  6:45  Siege Tank, SCV  
  86  6:46  Marine, SCV  
  81  6:54  Marine  
  81  6:55  Marine x3  
  81  6:58  SCV x2  
  87  7:03  Supply Depot  
  87  7:05  Terran Infantry Armor Level 1, Terran Infantry Weapons Level 1  
  87  7:07  Barracks Reactor x2  
  87  7:09  SCV  
  87  7:10  SCV x2  
  87  7:15  Marine x4  
  91  7:16  Marine  
  91  7:17  Siege Tank  
  91  7:21  SCV, Refinery  
  99  7:24  SCV x2, Refinery  
  99  7:28  Medivac  
  103  7:33  SCV  
  103  7:35  Supply Depot  
  103  7:36  SCV  
  105  7:45  Marine  
  105  7:46  Marine  
  105  7:49  Supply Depot  
  107  7:58  Marine  
  107  7:59  Marine x6  
  107  8:01  Medivac x2  
  118  8:06  SCV x2  
  116  8:21  Marine x9  
  110  8:37  Siege Tank, SCV  
  110  8:39  Marine x3  
  119  8:41  Command Center  
  119  8:45  Barracks  
  119  8:46  Barracks, Factory, Refinery x2, Armory  
  119  8:47  Barracks  
  117  8:48  SCV x2  
  117  8:49  SCV  
  117  8:51  Marine  
  117  8:52  Marine  
  122  9:05  Supply Depot  
  122  9:06  Supply Depot  
  122  9:09  Siege Tank  
  125  9:16  Marine x9  
  134  9:17  Medivac  
  134  9:18  Medivac  
  138  9:29  Supply Depot  
  138  9:30  Supply Depot  
  138  9:31  Factory  
  138  9:33  Marine  
  138  9:34  Marine x2  
  141  9:39  Factory Tech Lab  
  141  9:41  Marine x2  
  141  9:42  Marine x3  
  141  9:43  Barracks Tech Lab x2  
  141  9:44  Barracks Tech Lab  
  146  9:47  Medivac x2  
  149  10:00  Marine x8  
  149  10:01  Siege Tank  
  160  10:20  Starport  
  160  10:21  Factory Tech Lab  
  160  10:22  Starport  
  160  10:24  Refinery  
  160  10:26  Refinery  
  160  10:28  Supply Depot  
  160  10:29  Supply Depot  
  145  10:53  Marine x11  
  145  10:54  Siege Tank  
  145  10:55  Siege Tank x2  
  165  11:06  Planetary Fortress  
  165  11:08  SCV x3  
  168  11:12  Marine, Command Center  
  168  11:13  Marine x7, Marauder x3  
Show
View Real Time Build Order
Export as new Build Order

baduer Zerg - Winner!

Build Orders: Hatch First 

Get SALT Encoding   

  12  0:01  Drone  
  13  0:13  Overlord  
  13  0:17  Drone  
  14  0:32  Drone x2  
  16  0:49  Hatchery  
  15  0:52  Drone  
  15  0:56  Drone  
  17  0:59  Extractor  
  17  1:01  Drone  
  17  1:16  Spawning Pool  
  16  1:20  Drone  
  16  1:22  Drone  
  18  1:29  Drone  
  19  1:41  Drone  
  20  1:50  Drone  
  21  2:05  Queen x2  
  21  2:06  Zergling x4  
  27  2:11  Overlord  
  27  2:30  Metabolic Boost  
  27  2:31  Extractor  
  27  2:33  Drone  
  27  2:34  Drone  
  27  2:35  Drone  
  29  2:37  Drone  
  30  2:44  Queen, Drone  
  30  2:46  Pneumatized Carapace  
  30  2:50  Drone  
  30  2:51  Extractor  
  34  2:54  Overlord  
  34  2:57  Drone x2  
  37  3:14  Drone x2  
  37  3:16  Drone  
  37  3:17  Overlord, Drone  
  37  3:18  Drone  
  42  3:27  Hatchery  
  41  3:31  Drone  
  41  3:33  Drone x2  
  44  3:35  Queen  
  44  3:38  Zergling x2  
  47  3:41  Drone  
  48  3:49  Baneling Nest  
  48  3:52  Drone x2  
  48  3:53  Overlord  
  48  3:54  Overlord  
  49  3:58  Extractor  
  49  4:01  Drone x2  
  50  4:05  Drone  
  52  4:10  Drone  
  52  4:15  Queen  
  54  4:21  Drone x3  
  57  4:25  Zergling x4  
  57  4:30  Lair  
  59  4:34  Drone x3  
  59  4:37  Drone  
  63  4:43  Drone x2  
  63  4:44  Queen  
  67  4:50  Drone x2  
  67  4:51  Spore Crawler  
  67  4:52  Spore Crawler  
  67  4:53  Spore Crawler  
  67  4:55  Drone x3  
  67  4:56  Drone  
  70  5:04  Extractor  
  70  5:05  Extractor  
  68  5:08  Drone x3  
  68  5:13  Overlord  
  68  5:14  Overlord  
  71  5:16  Drone  
  72  5:30  Centrifical Hooks  
  72  5:32  Hatchery  
  72  5:35  Drone x4  
  75  5:37  Extractor, Drone x3, Evolution Chamber  
  75  5:38  Drone x2  
  75  5:39  Evolution Chamber  
  77  5:45  Drone  
  77  5:46  Drone x2  
  77  5:47  Zergling x2, Drone  
  82  5:55  Overlord x3  
  82  6:05  Zerg Ground Armor Level 1, Zerg Melee Weapons Level 1  
  82  6:07  Baneling x2  
  82  6:16  Baneling  
  82  6:17  Zergling x18, Baneling x2  
  89  6:18  Queen  
  89  6:19  Queen  
  89  6:22  Baneling  
  89  6:23  Queen  
  93  6:28  Overlord x2  
  93  6:29  Zergling x2  
  93  6:30  Zergling x8  
  97  6:43  Zergling x2  
  97  6:44  Zergling x2  
  97  6:46  Queen  
  93  6:54  Queen x2  
  93  6:57  Hydralisk Den  
  93  6:58  Queen  
  93  6:59  Extractor, Drone  
  93  7:00  Drone x2  
  100  7:03  Drone x4  
  100  7:04  Drone  
  100  7:06  Baneling x5  
  105  7:12  Overlord x2  
  105  7:15  Drone x3  
  107  7:16  Drone  
  109  7:24  Drone x2  
  109  7:25  Drone  
  109  7:27  Overlord x6  
  109  7:28  Grooved Spines  
  112  7:32  Overlord x2  
  111  7:38  Overlord  
  111  7:40  Zergling x10  
  111  7:41  Infestation Pit  
  115  7:53  Hydralisk, Drone x3  
  115  7:54  Hydralisk x4  
  115  7:57  Overseer  
  115  7:58  Baneling x3  
  128  7:59  Zergling x8  
  128  8:04  Zergling x8  
  136  8:09  Spore Crawler  
  136  8:10  Drone, Extractor  
  136  8:11  Drone x2  
  137  8:13  Baneling x8  
  137  8:14  Zergling x2  
  137  8:15  Zergling x8  
  142  8:21  Zergling x2  
  142  8:22  Zergling x6  
  145  8:32  Zergling x8  
  145  8:33  Zergling x12  
  150  8:35  Hive  
  150  8:47  Zerg Melee Weapons Level 2, Zerg Ground Armor Level 2  
  150  8:51  Extractor  
  149  8:58  Baneling x10  
  149  9:03  Hatchery  
  149  9:04  Hydralisk x4  
  149  9:05  Hydralisk  
  149  9:06  Muscular Augments  
  158  9:12  Burrow  
  158  9:29  Hydralisk x5  
  168  9:37  Spore Crawler, Zergling x4  
  169  9:39  Spore Crawler  
  168  9:48  Viper x2  
  168  9:51  Adrenal Glands  
  168  9:52  Ultralisk Cavern  
  173  9:53  Hydralisk x4  
  181  10:00  Drone x3  
  184  10:31  Hatchery  
  183  10:36  Extractor  
  183  10:37  Extractor  
  183  10:38  Spore Crawler  
  183  10:39  Spore Crawler, Spine Crawler x2  
  183  10:41  Spine Crawler  
  176  10:45  Ultralisk x4  
  193  10:55  Zergling x6  
  195  11:07  Zergling x8  
  195  11:08  Zergling x2  
  200  11:12  Spire  
  200  11:14  Drone  
  196  11:30  Zergling x2  
  196  11:31  Zergling x6  
  200  11:33  Baneling  
  200  11:34  Baneling x4  
Tags
 
Add a new tag
Caveats
  • Supply blocks, unpowered buildings, or Contaminate may cause inaccurate times.
  • Supply counts are checked every 10 seconds.